 Dungeon Sprint DCSS version 0.18-a0-270-ga9d907f (webtiles) character file.

14 rb10c the Summoner (level 3, 18/19 HPs)
             Began as a Tengu Summoner on Nov 26, 2015.
             Was a Follower of Sif Muna.
             Quit the game in the Dungeon (Sprint VI: "Thunderdome").
             The game lasted 00:01:22 (175 turns).

rb10c the Summoner (Tengu Summoner)                  Turns: 175, Time: 00:01:22

Health: 18/19      AC:  2    Str:  8    XL:     3   Next: 2%
Magic:  7/7        EV: 12    Int: 16    God:    Sif Muna [*.....]
Gold:   220        SH:  0    Dex: 14    Spells: 1 memorised, 5 levels left

rFire  . . .     SeeInvis .     o - +0 dagger
rCold  . . .     Clarity  .     a - +0 robe
rNeg   . . .     SustAt   .     (no shield)
rPois  .         Gourm    .     (helmet restricted)
rElec  .         Spirit   .     (no cloak)
rCorr  .         Warding  .     (no gloves)
rMut   .         NoTele   +     (boots unavailable)
MR     .....                    (no amulet)
Stlth  ++........               (no ring)
                                (no ring)

@: not resistant to hostile enchantments, unstealthy
A: beak, talons 3
a: Channel Energy, Renounce Religion


You were in the Dungeon.
You worshipped Sif Muna.
Sif Muna was aware of your devotion.
You were not hungry.

You visited 1 branch You collected 220 gold pieces.

Inventory:

Hand Weapons
 o - a +0 dagger (weapon)
Armour
 a - a +0 robe (worn)
 n - a +0 robe
Wands
 j - a wand of cold (5)
 k - a wand of fire (5)
Scrolls
 i - 4 scrolls of blinking
 l - 3 scrolls of fog
Potions
 d - a potion of curing
 e - 4 potions of heal wounds
 f - 4 potions of haste
 g - 2 potions of magic
 h - a potion of berserk rage
 m - a potion of resistance
Books
 b - a book of Callings

   Spells                             Type                      Level
   a - Summon Small Mammal            Summoning                    1
   b - Call Imp                       Summoning                    2
   c - Call Canine Familiar           Summoning                    3
   d - Summon Guardian Golem          Hexes/Summoning              3
   e - Summon Lightning Spire         Summoning/Air                4
   f - Summon Ice Beast               Ice/Summoning                4
Comestibles
 c - a bread ration


   Skills:
 - Level 2.1 Dodging
 - Level 2.0 Stealth
 - Level 2.0 Spellcasting
 + Level 8.4 Summonings


You had 5 spell levels left.
You knew the following spells:

 Your Spells              Type           Power        Failure   Level  Hunger
a - Summon Small Mammal   Summ           ####         1%          1    #......


Dungeon Overview and Level Annotations

Branches:
Dungeon (1/1)

Altars:
Cheibriados
Dithmenos
Fedhas
Gozag
Kikubaaqudgha
Makhleb
Okawaru
Qazlal
Ru
Sif Muna
Trog
Vehumet
Xom
Yredelemnul
Zin
The Shining One
Jiyva
Lugonu

Shops:
D *[%??*?*:[((!!!!


Innate Abilities, Weirdness & Mutations

You have a beak for a mouth.
You have claws for feet.


Message History

Unknown command.
There is a burning altar of Makhleb here.
There is a snail-covered altar of Cheibriados here.
There is an entrance to Jyci Zam's Distillery here.
Found Aqusuepp's Do-It-Yourself Clinic.
Found a sacrificial altar of Ru.
There is an entrance to Wigast's Distillery here.
Unknown command.
There is an entrance to Labbaat's Bottled Wisdom here.
There is an entrance to Aqusuepp's Do-It-Yourself Clinic here.
Done exploring.
Unknown command.
Done exploring.
Unknown command.
Done exploring.
Unknown command.
Unknown command.
There is a sacrificial altar of Ru here.
A river rat comes into view.
The river rat moves out of view.
Are you sure you want to abandon this character and quit the game? (Confirm with "yes".)

##∩__.......###......_._∩##
#∩........8.# #.8........∩###
............###.............##
.........###...###..........⌠#
.........# #.<.# #..........⌠#
.........###...###..........⌠#
............###.............##
#∩........8.# #.8........∩###
##∩.__......###.@......_∩##
######.8.........8.######
#⌠...........⌠#
###.........### #_......._#
#_......._# #_........#
#∩.......∩# ##∩.....∩##


There were no monsters in sight!

Vanquished Creatures
  Jessica (D)
  An adder (D)
  A kobold (D)
  A giant gecko skeleton (D)
  A rat (D)
5 creatures vanquished.

Vanquished Creatures (collateral kills)
  A giant cockroach (D)
1 creature vanquished.

Grand Total: 6 creatures vanquished

Notes
Turn   | Place    | Note
--------------------------------------------------------------
     0 | D        | rb10c the Tengu Summoner began the quest for the Orb.
     0 | D        | Reached XP level 1. HP: 10/10 MP: 4/4
     1 | D        | Found a burning altar of Makhleb.
     1 | D        | Found a deep blue altar of Sif Muna.
     2 | D        | Found a basalt altar of Yredelemnul.
     3 | D        | Found an ancient bone altar of Kikubaaqudgha.
     3 | D        | Found a corrupted altar of Lugonu.
     4 | D        | Found an iron altar of Okawaru.
     4 | D        | Found a radiant altar of Vehumet.
     4 | D        | Found Feaqec's Staff Store.
     4 | D        | Found Isatz's Magic Scroll Shop.
     5 | D        | Found Dyikhoso's Must-Have Magic.
     5 | D        | Found Vitih's Magic Scroll Shop.
     5 | D        | Round 1.
     6 | D        | Found a snail-covered altar of Cheibriados.
     7 | D        | Noticed Jessica
     9 | D        | Became a worshipper of Sif Muna the Loreminder
    17 | D        | Killed Jessica
    17 | D        | Reached * piety under Sif Muna
    17 | D        | Reached skill level 7 in Summonings
    17 | D        | Reached XP level 2. HP: 15/15 MP: 0/6
    41 | D        | Found an opulent altar of Gozag.
    42 | D        | Found a shadowy altar of Dithmenos.
    43 | D        | Found Malemodo's Bee Food.
    43 | D        | Found a blossoming altar of Fedhas.
    43 | D        | Found a bloodstained altar of Trog.
    43 | D        | Found Qetutuop's Identification Station.
    44 | D        | Found Xobb's Jewellery.
    44 | D        | Found Lysywirr's Advanced Armour.
    47 | D        | Found a viscous altar of Jiyva.
    48 | D        | Found a stormy altar of Qazlal.
    49 | D        | Found a shimmering altar of Xom.
    50 | D        | Found a glowing golden altar of the Shining One.
    50 | D        | Found a glowing silver altar of Zin.
    50 | D        | Found Buwk's Premium Goods.
    50 | D        | Found Leriumu's Weapon Rack.
    51 | D        | Found Suqoid's Miscellaneous Merchandise.
    51 | D        | Found Pyodoz's Basic Armour.
    92 | D        | Arena points: 14 (+14) [x2]
    92 | D        | Reached skill level 8 in Summonings
    92 | D        | Reached XP level 3. HP: 15/19 MP: 5/7
   148 | D        | Round 2.
   153 | D        | Found Jyci Zam's Distillery.
   153 | D        | Found Wigast's Distillery.
   154 | D        | Found Labbaat's Bottled Wisdom.
   159 | D        | Found Aqusuepp's Do-It-Yourself Clinic.
   159 | D        | Found a sacrificial altar of Ru.
   175 | D        | Quit the game

Vault maps used:
D:        arena_sprint

Action                   || total
-------------------------++-------
Melee: Unarmed           ||     6
       Dagger            ||     9
 Cast: Summon Small Mamm ||     7
